 Dungeon Crawl Stone Soup version 0.20.1-1-g8b1a95d (webtiles) character file.

142 empire the Chiller (level 5, -4/40 HPs)
             Began as a Draconian Ice Elementalist on Sept 22, 2017.
             Slain by Grinder (6 damage)
             ... on level 3 of the Dungeon.
             The game lasted 00:05:41 (2588 turns).

empire the Chiller (Draconian Ice Elementalist)     Turns: 2588, Time: 00:05:41

Health: -4/40      AC:  5    Str: 11    XL:     5   Next: 4%
Magic:  6/9        EV: 13    Int: 15    God:
Gold:   58         SH:  0    Dex: 12    Spells: 8/9 levels left

rFire    . . .     SeeInvis .   b - +1 falchion (drain)
rCold    . . .     Gourm    .   (no shield)
rNeg     . . .     Faith    .   (armour unavailable)
rPois    .         Spirit   .   (helmet restricted)
rElec    .         Reflect  .   (no cloak)
rCorr    .         Harm     .   (no gloves)
MR       .....                  (no boots)
Stlth    ++........             (no amulet)
Regen    0.2/turn               (no ring)
MPRegen  0.2/turn               (no ring)

@: no status effects
A: unfitting armour, cold-blooded, AC +5
a: no special abilities


You were on level 3 of the Dungeon.
You were not hungry.

You visited 1 branch of the dungeon, and saw 3 of its levels.

You collected 58 gold pieces.

Inventory:

Hand Weapons
 a - a +0 hand axe
 b - a +1 falchion of draining (weapon)
 o - a +1 dagger of venom
 p - a cursed -3 dagger
 s - a +1 dagger of venom
Scrolls
 d - 2 scrolls of identify {unknown}
 g - a scroll of remove curse {unknown}
 k - 2 scrolls of amnesia {unknown}
Potions
 j - a potion of mutation {unknown}
 m - a potion of heal wounds {unknown}
 n - a potion of might {unknown}
Books
 e - a book of Frost

   Spells                             Type                      Level
   a - Freeze                         Ice                          1
   b - Throw Frost                    Conjuration/Ice              2
   c - Ozocubu's Armour               Charms/Ice                   3
   d - Throw Icicle                   Conjuration/Ice              4
   e - Summon Ice Beast               Ice/Summoning                4
Comestibles
 f - a meat ration
 h - 2 bread rations
 q - 3 fruits
 r - a royal jelly


   Skills:
 + Level 1.3 Fighting
 + Level 2.6 Dodging
 - Level 3.0 Stealth
 + Level 2.9 Spellcasting
   Level 1.0 Conjurations
 + Level 3.7 Ice Magic


You had 8 spell levels left.
You knew the following spells:

 Your Spells              Type           Power        Failure   Level  Hunger
a - Freeze                Ice            ##..         4%          1    #......


Dungeon Overview and Level Annotations

Branches:
Dungeon (3/15)

Altars:

Annotations:
D:3 Grinder


Innate Abilities, Weirdness & Mutations

Your plain brown scales are hard. (AC +5)
You cannot fit into any form of body armour.
You are cold-blooded and may be slowed by cold attacks.


Message History

Pain shoots through your body!
* * * LOW HITPOINT WARNING * * *
Casting: Freeze
Confirm with . or Enter, or press ? or * to list all spells.
Aiming: Freeze
Press: ? - help, Shift-Dir - straight line, f/p - Grinder
Aim: Grinder (moderately wounded)
You freeze Grinder.
Grinder completely resists.
Grinder is moderately wounded.
Grinder misses you.
You riposte.
You hit Grinder.
Grinder is moderately wounded.
You hit Grinder.
Your tail-slap misses Grinder.
Grinder is heavily wounded.
Grinder gestures at you.
You barely resist. You hit Grinder.
You tail-slap Grinder, but do no damage.
Grinder is heavily wounded.
Grinder hits you.
You die...

#..# ##..##
.# #.##
##..#### ..
#.# #..(..#
##. #.#
####..## #
#.# #...##
#.#
###..####
#.# #....)##
#.# #..)...#
..# ####@..#
.##
##5...... .#
######
.....#. )#
#.....#
##.#.# )#
##....... .#
#
.###.......)
#
..##........
...#........
............


You could see Grinder.

Vanquished Creatures
  Jessica (D:3)
  4 gnolls (D:3)
  3 adders
  An ooze (D:3)
  A dart slug (D:2)
  A leopard gecko (D:1)
  2 giant cockroaches
  4 goblins
  8 hobgoblins
  A quokka (D:3)
  8 bats
  5 frilled lizards
  6 kobolds
  4 rats
49 creatures vanquished.

Notes
Turn   | Place    | Note
-------+----------+-------------------------------------------
     0 | D:1      | empire the Draconian Ice Elementalist began the quest for the Orb.
     0 | D:1      | Reached XP level 1. HP: 14/14 MP: 3/3
   411 | D:1      | Reached XP level 2. HP: 20/20 MP: 3/5
  1069 | D:2      | Reached XP level 3. HP: 19/26 MP: 6/6
  2331 | D:3      | Noticed Jessica
  2336 | D:3      | Reached XP level 4. HP: 34/34 MP: 4/7
  2347 | D:3      | Reached skill level 1 in Fighting
  2357 | D:3      | Killed Jessica
  2506 | D:3      | Reached XP level 5. HP: 31/40 MP: 7/9
  2572 | D:3      | Noticed Grinder
  2579 | D:3      | HP: 1/40 [Grinder (5)]
  2585 | D:3      | HP: 1/40 [Grinder/nerve-wracking pain (12)]
  2588 | D:3      | Slain by Grinder

Skill      XL: |  1  2  3  4 |
---------------+-------------+-----
Stealth        | 2 3 |  3.0
Dodging        | 2 |  2.6
Fighting       | 1 |  1.3
Spellcasting   | |  2.9
Conjurations   | |  1.0
Ice Magic      | |  3.7

Action                   |  1- 3 |  4- 6 || total
-------------------------+-------+-------++-------
Melee: Unarmed           |    22 |       ||    22
       Hand axe          |    11 |       ||    11
       Falchion          |    32 |    23 ||    55
       Tailslap          |     2 |     4 ||     6
 Cast: Freeze            |    24 |    11 ||    35
  Use: Potion            |       |     4 ||     4
 Stab: Sleeping          |     4 |       ||     4
  Eat: Chunk             |     5 |     1 ||     6
Armor: Skin              |    30 |     8 ||    38
Dodge: Dodged            |    59 |    23 ||    82
       Rpst.: Falchion   |    10 |     5 ||    15
